General information
- name: BNet
- type: Ladder team game (AT/RT)
- host: Battle.net
- saver: fineX
map: ExcavationSite
- players: 4
- length: 15:55
- speed: Fast
- version: 1.23 W3XP
- replay type: Public
» download(66 KB)
Players
team 1 (loser)
Bountyhunterr (
blue | 39 APM | 617 actions | 15:54)
4 Archmage
2 Blizzard
2 Brilliance Aura
» actions
| Assign group hotkey | 18 | |
| Basic commands | 2 | |
| Build / train | 43 | |
| Enter build submenu | 22 | |
| Enter hero's abilities submenu | 3 | |
| Remove unit from queue | 3 | |
| Right click | 249 | |
| Select / deselect | 212 | |
| Select group hotkey | 37 | |
| Use ability | 28 | |
617 total
» units
| Peasant | 8 | |
| Rifleman | 16 | |
| Knight | 4 | |
28 total
» upgrades
| Long Rifles | 1 | |
| Lumber Harvesting | 1 | |
2 total
» buildings
| Altar of Kings | 1 | |
| Farm | 13 | |
| Barracks | 2 | |
| Blacksmith | 1 | |
| Lumber Mill | 1 | |
| Scout Tower | 3 | |
| Arcane Tower | 1 | |
| Keep | 1 | |
| Castle | 1 | |
| Guard Tower | 2 | |
26 total
» build order
00:07 Altar of Kings
00:08 Farm
00:30 Barracks
01:37 Blacksmith
01:44 Farm
01:48 Lumber Mill
03:02 Farm
03:23 Scout Tower
03:56 Farm
04:04 Arcane Tower
04:32 Farm
05:22 Farm
05:24 Keep
06:01 Farm
06:42 Farm
08:39 Farm
08:45 Castle
09:25 Farm
10:22 Barracks
11:42 Farm
11:53 Scout Tower
11:56 Scout Tower
12:23 Farm
12:27 Guard Tower
12:34 Guard Tower
13:05 Farm
roku8 (
orange | 24 APM | 386 actions | 15:54)
3 Keeper of the Grove
2 Entangling Roots
1 Thorns Aura
» actions
| Assign group hotkey | 2 | |
| Build / train | 32 | |
| Enter build submenu | 12 | |
| Enter hero's abilities submenu | 3 | |
| Right click | 145 | |
| Select / deselect | 165 | |
| Select group hotkey | 4 | |
| Use ability | 23 | |
386 total
» units
» upgrades
| Strength of the Moon | 1 | |
| Moon Armor | 1 | |
2 total
» buildings
| Altar of Elders | 1 | |
| Moon Well | 5 | |
| Ancient of War | 2 | |
| Hunter's Hall | 1 | |
| Tree of Ages | 1 | |
| Ancient of Lore | 1 | |
| Ancient of Wind | 1 | |
| Ancient Protector | 1 | |
13 total
» build order
00:07 Altar of Elders
00:10 Moon Well
00:35 Ancient of War
02:39 Hunter's Hall
02:59 Moon Well
03:24 Ancient of War
04:00 Moon Well
05:10 Tree of Ages
05:27 Moon Well
06:52 Moon Well
08:30 Ancient of Lore
08:36 Ancient of Wind
09:01 Ancient Protector
team 2 (winner)
fineX (
pink | 121 APM | 1933 actions | 15:55)
7 Tauren Chieftain
3 Shockwave
3 Endurance Aura
1 Reincarnation
» actions
| Assign group hotkey | 970 | |
| Basic commands | 1 | |
| Build / train | 48 | |
| Enter build submenu | 11 | |
| Enter hero's abilities submenu | 7 | |
| Remove unit from queue | 1 | |
| Right click | 521 | |
| Select / deselect | 173 | |
| Select group hotkey | 173 | |
| Use ability | 28 | |
1933 total
» units
| Peon | 9 | |
| Troll Headhunter/Berserker | 11 | |
| Wind Rider | 10 | |
30 total
» upgrades
| Ranged Weapons | 3 | |
| Troll Regeneration | 1 | |
| Envenomed Spears | 1 | |
5 total
» buildings
| Altar of Storms | 1 | |
| Orc Burrow | 4 | |
| War Mill | 1 | |
| Barracks | 1 | |
| Voodoo Lounge | 1 | |
| Stronghold | 1 | |
| Beastiary | 3 | |
| Fortress | 1 | |
13 total
» build order
00:03 Altar of Storms
00:05 Orc Burrow
00:48 War Mill
01:04 Barracks
01:43 Orc Burrow
02:22 Voodoo Lounge
03:22 Orc Burrow
03:52 Stronghold
04:21 Orc Burrow
06:18 Beastiary
06:19 Beastiary
07:45 Beastiary
10:18 Fortress
» items
| Healing Salve | 1 | |
| Periapt of Vitality | 1 | |
2 total
nonent (
yellow | 74 APM | 1172 actions | 15:54)
6 Blademaster
3 Wind Walk
2 Critical Strike
1 Bladestorm
» actions
| Assign group hotkey | 24 | |
| Basic commands | 8 | |
| Build / train | 57 | |
| ESC pressed | 1 | |
| Enter build submenu | 14 | |
| Enter hero's abilities submenu | 6 | |
| Remove unit from queue | 2 | |
| Right click | 444 | |
| Select / deselect | 166 | |
| Select group hotkey | 406 | |
| Use ability | 44 | |
1172 total
» units
| Peon | 13 | |
| Grunt | 9 | |
| Raider | 11 | |
| Demolisher | 1 | |
34 total
» upgrades
| Berserker Strength | 1 | |
| Pillage | 1 | |
| Ensnare | 1 | |
| Melee Weapons | 2 | |
| Armor | 2 | |
7 total
» buildings
| Altar of Storms | 1 | |
| Orc Burrow | 4 | |
| Barracks | 1 | |
| Stronghold | 1 | |
| Voodoo Lounge | 1 | |
| Beastiary | 2 | |
| War Mill | 1 | |
| Great Hall | 1 | |
| Fortress | 1 | |
13 total
» build order
00:22 Altar of Storms
00:29 Orc Burrow
00:52 Barracks
01:36 Orc Burrow
02:41 Stronghold
03:04 Orc Burrow
03:56 Voodoo Lounge
05:06 Beastiary
05:07 Beastiary
05:34 Orc Burrow
09:01 War Mill
09:39 Great Hall
14:24 Fortress
» items
| Healing Salve | 1 | |
| Scroll of Town Portal | 1 | |
| Circlet of Nobility | 1 | |
| Periapt of Vitality | 1 | |
| Scroll of Protection | 1 | |
5 total
Chat log
(00:09 / All) nonent: we owned them so hard last game lol
(00:10 / Allies) fineX: yeah but no expansion pack so no point
(00:14 / Allies) nonent: ya
(00:22 / All) roku8: i know HAHA
(00:22 / All) Bountyhunterr: we owned them so good last gaME
(00:23 / All) nonent: WELCOME TO JURASSIC PARK
(00:26 / All) Bountyhunterr: oh u guys to?
(02:44 / All) nonent: gl hf
(02:53 / All) roku8: u call this fun...
(02:54 / All) Bountyhunterr: fuck u
(02:57 / Allies) fineX: wow
(02:59 / Allies) fineX: what poor manner
(03:04 / All) Bountyhunterr: u suck
(03:05 / Allies) fineX: lol
(03:16 / Allies) fineX: prolly have a gimmicik
(03:30 / Allies) fineX: guess not lmao
(04:07 / Allies) nonent: 2 peasants
(04:09 / Allies) fineX: nice
(04:41 / All) Bountyhunterr: good harrassment noob
(04:45 / Allies) nonent: thx
(04:47 / All) nonent: thx
(04:52 / All) nonent: did you lose anything
(06:51 / Allies) nonent: ya
(06:58 / Allies) nonent: ill tank
(07:34 / Allies) fineX: tp
(07:35 / Allies) nonent: tp
(07:58 / Allies) fineX: lmao
(08:30 / All) fineX: gtfo scrub
(08:43 / Allies) fineX: imo
(08:45 / Allies) nonent: ya
(08:48 / All) roku8: ur a scrub
(09:07 / All) fineX: plz keep talking shit as i destroy ur base
(10:08 / All) fineX: plz keep sending 0/0 rifles
(10:13 / Allies) nonent: lmao
(10:33 / All) roku8: plz keep being a faggot
(10:39 / All) fineX: why would i
(10:40 / All) nonent: wow just like last game
(10:43 / All) fineX: your doing such a good job
(10:51 / All) fineX: i thought we left that gamer already
(10:53 / All) fineX: guess not
(11:23 / All) nonent: sory
(11:25 / All) nonent: no hero
(11:42 / All) fineX: no wisp zone
(11:54 / All) roku8: ]
(12:09 / Allies) fineX: thx
(12:26 / All) fineX: hope u got some rly good units
(12:33 / Allies) fineX: prolly gonna try 2 treehide or something
(12:35 / Allies) nonent: ok
(12:36 / Allies) fineX: i killed all the running wisps tho
(12:39 / Allies) nonent: or mass air
(12:58 / All) fineX: leave please noobys
(13:03 / Allies) nonent: sec
(13:07 / Allies) nonent: k
(13:14 / Allies) nonent: rdy
(13:26 / All) fineX: so u guys new players or what
(13:38 / Allies) fineX: towers lmao
(13:45 / Allies) nonent: not many
(13:45 / All) roku8: ive been playing for about 12 years why?
(13:52 / Allies) fineX: and a farm set up for waves
(13:58 / All) nonent: wow kill urself
(14:07 / All) roku8: why
(14:38 / All) nonent: farms down
(14:40 / All) fineX: your bad and you should feel bad
(14:53 / All) Bountyhunterr: not rlly
(14:56 / All) Bountyhunterr: i did pretty good
(14:58 / All) fineX: no
(14:59 / All) fineX: lmao
(15:01 / All) fineX: no you did not
(15:07 / All) fineX: esp. for all your shit talk early game
(15:09 / All) Bountyhunterr: killed ur army twice
(15:14 / All) fineX: oh no not my wyverns
(15:18 / All) nonent: WELCOME TO JURASSIC PARK
(15:27 / All) nonent: u guys ever play jurassic park custom
(15:31 / All) fineX: not my head hunters!
(15:34 / All) roku8: no
(15:36 / All) Bountyhunterr: nope
(15:42 / All) nonent: you would be good at it
(15:48 / All) nonent: lol jk
(15:52 / All) nonent: you aren't good at shit
(15:52 / All) fineX: lmao